 Dungeon Crawl Stone Soup version 0.28.0-45-g0d030f2227 (webtiles) character file.

Game seed: 14144573025266891766

6 NinjaNoafa the Jinx (level 1, 0/13 HPs)
             Began as a Gnoll Wanderer on Apr 15, 2022.
             Constricted to death by a ball python (1 damage)
             ... on level 1 of the Dungeon.
             The game lasted 00:02:26 (648 turns).

NinjaNoafa the Jinx (Gnoll Wanderer)                 Turns: 648, Time: 00:02:26

Health: 0/13       AC:  1    Str: 10    XL:     1   Next: 90%
Magic:  5/6        EV:  8    Int: 12    God:
Gold:   0          SH:  4    Dex: 11    Spells: 7/9 levels left

rFire   . . .      SeeInvis .   a - +0 dagger
rCold   . . .      Faith    .   c - +0 buckler
rNeg    . . .      Spirit   .   b - +0 robe
rPois   .          Reflect  .   (helmet currently unavailable)
rElec   .          Harm     .   (no cloak)
rCorr   .          Rampage  .   (no gloves)
Will    .....                   (boots currently unavailable)
Stlth   +.........              (no amulet)
HPRegen 0.04/turn               (no ring)
MPRegen 0.10/turn               (no ring)

@: appendages, constricted
A: horns 2, talons 2, fangs 1, strong nose, distributed training, deformed body,
screaming 1
a: End Transformation


You were on level 1 of the Dungeon.
You had temporarily grown beastly horns and talons.
You visited 1 branch of the dungeon, and saw 1 of its levels.

Inventory:

Hand Weapons
 a - a +0 dagger (weapon)
Missiles
 d - 14 stones
 e - 2 poisoned darts (quivered)
Armour
 b - a +0 robe (worn)
 c - a +0 buckler (worn)
Potions
 f - a potion of ambrosia {unknown}


   Skills:
 + Level 0.2 Fighting
 + Level 0.2 Short Blades
 + Level 0.2 Long Blades
 + Level 0.2 Axes
 + Level 0.2 Maces & Flails
 + Level 0.2 Polearms
 + Level 0.2 Staves
 + Level 0.2 Slings
 + Level 0.2 Bows
 + Level 0.2 Crossbows
 + Level 0.2 Throwing
 + Level 0.2 Armour
 + Level 0.2 Dodging
 + Level 0.2 Stealth
 + Level 2.4 Shields
 + Level 0.2 Unarmed Combat
 + Level 4.9 Spellcasting
 + Level 0.1 Conjurations
 + Level 8.7 Hexes
 + Level 0.1 Summonings
 + Level 0.1 Necromancy
 + Level 0.1 Translocations
 + Level 3.6 Transmutations
 + Level 0.1 Fire Magic
 + Level 0.1 Ice Magic
 + Level 0.1 Air Magic
 + Level 0.1 Earth Magic
 + Level 0.1 Poison Magic
 + Level 0.3 Invocations
 + Level 0.2 Evocations


You had 7 spell levels left.
You knew the following spells:

 Your Spells              Type           Power      Damage    Failure   Level
a - Slow                  Hex            92%        N/A       1%          1
b - Beastly Appendage     Tmut           22%        N/A       6%          1

Your spell library contained the following spells:

 Spells                   Type           Power      Damage    Failure   Level
 Cause Fear               Hex            11%        N/A       8%          4
 Fulminant Prism          Conj/Hex       6%         3d7       38%         4
 Ignite Poison            Fire/Tmut/Pois 6%         N/A       43%         3


Dungeon Overview and Level Annotations

Branches:
Dungeon (1/15)

Altars:


Innate Abilities, Weirdness & Mutations

You have temporarily grown beastly horns and talons.
You have very sharp teeth.
Your uncanny sense of smell can sniff out nearby items.
Your experience applies equally to all skills.
Armour fits poorly on your strangely shaped body.
You occasionally shout uncontrollably at your foes.


Message History

You aren't carrying any potions.
You barely miss the hobgoblin. Your headbutt misses the hobgoblin.
You bite the hobgoblin, but do no damage.
The hobgoblin barely misses you.
You closely miss the hobgoblin. The hobgoblin hits you.
You hit the hobgoblin.
The hobgoblin is almost dead.
You block the hobgoblin's attack.
You hit the hobgoblin.
You kill the hobgoblin!
You see here a hobgoblin corpse.
You hit the goblin but do no damage. Your kick misses the goblin.
You headbutt the goblin.
The goblin is heavily wounded.
The goblin barely misses you.
You hit the goblin.
You kill the goblin!
Your transformation is almost over.
You see here a +0 club.
Found a coppery potion.
Your horns disappear.
Your talons disappear.
f - a coppery potion You start resting.
A ball python is nearby!
The ball python hisses angrily.
Casting: Beastly Appendage (safe; 6% risk of failure)
Confirm with . or Enter, or press ? or * to list all spells.
You grow a pair of large bovine horns.
Your feet morph into talons.
You barely miss the ball python. You bite the ball python.
The ball python is moderately wounded.
The ball python bites you. The ball python grabs you.
The ball python constricts you.
* * * LOW HITPOINT WARNING * * *
The ball python barely misses you. The ball python constricts you.
You hit the ball python.
The ball python is severely wounded.
The ball python bites you.
* * * LOW HITPOINT WARNING * * *
The ball python constricts you.
You die...

∆ ... #. #.# #. #.#
#. #.# #. #.# #.
#######.#
#.#########.......##
#..@S.....#.###.....
#..######.....#..###
#.........#...)†.#
#..####..........#
#..# #.#####.#.##
#..# #. #.#.# ...#
#. #.#.# ..## #
#.... #.. ###..


You could see a ball python.

Vanquished Creatures
  A bat (D:1)
  A goblin (D:1)
  2 hobgoblins (D:1)
  A frilled lizard (D:1)
5 creatures vanquished.

Notes
Turn   | Place    | Note
-------+----------+-------------------------------------------
     0 | D:1      | NinjaNoafa the Gnoll Wanderer began the quest for the Orb.
     0 | D:1      | NinjaNoafa set off with the following items: a +0 dagger, a
                  | +0 robe, a +0 buckler; and the following spells available
                  | to memorise: Slow, Beastly Appendage, Cause Fear, Fulminant
                  | Prism, Ignite Poison
     0 | D:1      | Reached XP level 1. HP: 13/13 MP: 6/6
     2 | D:1      | Learned a level 1 spell: Slow
     4 | D:1      | Learned a level 1 spell: Beastly Appendage
    41 | D:1      | Gained mutation: Armour fits poorly on your strangely
                  | shaped body. [potion of mutation]
    41 | D:1      | Gained mutation: You occasionally shout uncontrollably at
                  | your foes. [potion of mutation]
   648 | D:1      | Constricted to death by a ball python

Illustrated notes

Levels and vault maps discovered:
D:1:      dpeg_arrival_lava_temple_mockup, layout_loops_ring, minmay_lizard_pond

Action                   || total
-------------------------++-------
Melee: Dagger            ||    26
       Bite              ||     4
       Kick              ||     2
       Headbutt          ||     1
Throw: Dart              ||     3
 Cast: Slow              ||     7
       Beastly Appendage ||     5
  Use: Potion            ||     1
Armor: Robe              ||     2
Dodge: Dodged            ||    10
Block: Buckler           ||     3
